 Dungeon Crawl Stone Soup version 0.32-a0-913-g739538afd8 (webtiles) character file.

Game seed: 11430689349313338262

731 minekrafonek the Ducker (level 7, -4/60 HPs)
             Began as a Minotaur Gladiator on Apr 9, 2024.
             Succumbed to a green ugly thing's poison
             ... on level 10 of the Dungeon.
             The game lasted 00:12:13 (1838 turns).

minekrafonek the Ducker (Minotaur Gladiator)        Turns: 1838, Time: 00:12:14

Health: -4/60      AC:  3    Str: 20    XL:     7   Next: 45%
Magic:  6/6        EV: 12    Int:  5    God:
Gold:   95         SH:  0    Dex: 12    Spells: 6/6 levels left

rFire   . . .        i - +3 long sword
rCold   . . .        (no shield)
rNeg    . . .        b - +0 leather armour
rPois   .            c - +0 hat
rElec   .            (no cloak)
rCorr   .            (no gloves)
SInv    .            (no boots)
Will    .....        (no amulet)
Stlth   +            (no ring)
HPRegen 0.30/turn    (no ring)
MPRegen 0.10/turn

%: no passive effects
@: lethally poisoned (-4 -> -21)
A: horns 2, retaliatory headbutt
a: no special abilities


You were on level 10 of the Dungeon.
You visited 1 branch of the dungeon, and saw 10 of its levels.

You collected 95 gold pieces.

Inventory:

Hand Weapons
 a - a +0 flail
 i - a +3 long sword (weapon)
Missiles
 d - 3 throwing nets (quivered)
 e - a javelin
Armour
 b - a +0 leather armour (worn)
 c - a +0 hat (worn)
Talismans
 k - a flux talisman
Scrolls
 g - a scroll of poison {unknown}
 h - a scroll of amnesia {unknown}
 j - 2 scrolls of identify {unknown}
Potions
 f - a potion of haste {unknown}


   Skills:
 + Level 4.5 Fighting
 + Level 4.2 Long Blades
 + Level 5.1 Maces & Flails
 + Level 2.3 Throwing
 + Level 4.0 Armour
 + Level 5.6 Dodging
 + Level 0.3 Stealth
 + Level 0.5 Evocations


You had 6 spell levels left.
You didn't know any spells.
Your spell library was empty.

Dungeon Overview and Level Annotations

Branches:
Dungeon (10/15)
 Temple: D:4-7         Lair: D:8-11         Orc: D:9-12

Altars:

Annotations:
D:8 exclusion: oklob sapling, Jeremiah


Innate Abilities, Weirdness & Mutations

You have a pair of horns on your head.
You reflexively headbutt those who attack you in melee.


Message History

Your headbutt misses the green ugly thing.
The green ugly thing closely misses you.
You furiously retaliate!
You headbutt the green ugly thing. You slash the green ugly thing!
The green ugly thing is moderately wounded.
The green ugly thing tail-slaps you but does no damage.
You slash the green ugly thing! You headbutt the green ugly thing!
The green ugly thing is heavily wounded.
The green ugly thing tail-slaps you!
You are poisoned.
The green ugly thing poisons you!
You hit the green ugly thing.
You headbutt the green ugly thing, but do no damage.
The green ugly thing is heavily wounded.
You feel extremely sick. The green ugly thing tail-slaps you!
You slash the green ugly thing! You headbutt the green ugly thing!
The green ugly thing is almost dead.
You feel extremely sick.
The green ugly thing tail-slaps you but does no damage.
You hit the green ugly thing but do no damage.
You headbutt the green ugly thing.
The green ugly thing is almost dead.
* * * LOW HITPOINT WARNING * * *
You feel very sick. The green ugly thing tail-slaps you.
* * * LOW HITPOINT WARNING * * *
The green ugly thing barely misses you.
You feel better. The green ugly thing tail-slaps you!
* * * LOW HITPOINT WARNING * * *
You are lethally poisoned!
The green ugly thing poisons you!
You barely miss the green ugly thing.
The green ugly thing is almost dead.
* * * LOW HITPOINT WARNING * * *
You feel extremely sick.
The green ugly thing closely misses you.
You closely miss the green ugly thing.
The green ugly thing is almost dead.
You die...

.. .# #.##. ##
.. .... .# ...
#..####.###.>.
#..#..........
#<#)....... ##
##...[.....
#.# ##.##.###.
#.###@..).#
#.#u######
#c## #.# #.#
#c# #.. ...
...<


You could see a green ugly thing and a centaur.

Vanquished Creatures
  A wyvern (D:9)
  A steam dragon (D:9)
  2 sky beasts (D:9)
  A scorpion (D:4)
  A hound (D:8)
  8 adders
  5 gnolls
  A shadow imp (D:6)
  A dart slug (D:3)
  A ribbon worm (D:4)
  4 orcs
  2 giant cockroaches
  3 goblins
  5 hobgoblins
  8 kobolds
  2 quokkas (D:4)
  11 ball pythons
  2 bats
  3 frilled lizards (D:1)
  3 rats
65 creatures vanquished.

Notes
Turn   | Place    | Note
-------+----------+-------------------------------------------
     0 | D:1      | minekrafonek the Minotaur Gladiator began the quest for the
                  | Orb.
     0 | D:1      | Reached XP level 1. HP: 18/18 MP: 0/0
    49 | D:1      | Found a faded altar of an unknown god.
    99 | D:1      | Reached XP level 2. HP: 25/25 MP: 1/1
   235 | D:2      | Reached XP level 3. HP: 15/31 MP: 2/2
   385 | D:3      | Reached skill level 1 in Armour
   385 | D:3      | Reached XP level 4. HP: 19/38 MP: 3/3
   519 | D:4      | Noticed a scorpion
   523 | D:4      | Killed a scorpion
   524 | D:4      | Reached skill level 5 in Maces & Flails
   524 | D:4      | Reached XP level 5. HP: 45/45 MP: 4/4
   768 | D:5      | Entered Level 5 of the Dungeon
   818 | D:6      | Reached skill level 1 in Long Blades
  1162 | D:8      | Reached XP level 6. HP: 15/52 MP: 5/5
  1377 | D:8      | Noticed Jeremiah
  1484 | D:9      | Noticed a sky beast
  1484 | D:9      | Noticed a wyvern
  1495 | D:9      | Killed a wyvern
  1496 | D:9      | Reached skill level 5 in Dodging
  1504 | D:9      | Killed a sky beast
  1505 | D:9      | Noticed a sky beast
  1508 | D:9      | Killed a sky beast
  1509 | D:9      | Reached XP level 7. HP: 11/59 MP: 6/6
  1664 | D:9      | Noticed a steam dragon
  1673 | D:9      | Killed a steam dragon
  1696 | D:10     | Entered Level 10 of the Dungeon
  1821 | D:10     | Noticed a green ugly thing
  1837 | D:10     | HP: 1/60 [poisoned by a green ugly thing]
  1838 | D:10     | Succumbed to a green ugly thing's poison

Illustrated notes

Levels and vault maps discovered:
D:1:      nzn_arrival_depleted_hourglass, layout_basic,
          ebering_ecumenical_altar_rust
D:2:      layout_rooms, basic_altar
D:3:      layout_basic, serial_shops, nicolae_shop_behind_doors,
          nicolae_shop_unique_rings
D:4:      layout_basic, kennysheep_generic_room_3
D:5:      layout_basic, gammafunk_ghost_stat_death,
          nicolae_kite_square_tiling_tiny
D:6:      minmay_inner_zag, layout_basic, mainiacjoe_overflow_surrounded_room,
          sigmund_army
D:7:      layout_loops_ring, nicolae_overflow_hidden_temple,
          minmay_temple_entry_junction, kennysheep_generic_room_16, uniq_maggie,
          uniq_pikel, uniq_menkaure, uniq_maurice
D:8:      layout_gridville, hangedman_decor_growths, introduction_to_nature_1,
          uniq_jeremiah
D:9:      layout_basic, erik_lair_dragon, hangedman_misty_isle
D:10:     layout_loops_cross, minmay_shattered_shrine, uniq_snorg

Skill      XL: |  1  2  3  4  5  6  7 |
---------------+----------------------+-----
Maces & Flails | 4 5 |  5.1
Fighting       | 3 4 |  4.5
Armour         | 1 2 3 4 |  4.0
Dodging        | 4 5 |  5.6
Long Blades    | 2 3 4 |  4.2
Throwing       | |  2.3
Stealth        | |  0.3
Evocations     | |  0.5

Action                     |  1- 3 |  4- 6 |  7- 9 || total
---------------------------+-------+-------+-------++-------
  Melee: Flail             |    43 |    16 |       ||    59
         Headbutt          |     6 |    11 |     8 ||    25
         Long sword        |       |    69 |    18 ||    87
  Evoke: Wand              |       |     5 |     4 ||     9
    Use: Potion            |       |     3 |     1 ||     4
 Armour: Leather armour    |    22 |    89 |    12 ||   123
  Dodge: Dodged            |    40 |    88 |    10 ||   138

Table legend: (Time is in decaauts)
 A = Elapsed time spent in this place.
 B = Non-inter-level travel time spent in this place.
 C = Inter-level travel time spent in this place.
 D = Time resting spent in this place.
 E = Time spent auto-exploring this place.
 F = Levels seen in this place.
 G = Mean time per level.
                   A        B        C        D        E       F      G
               +--------+--------+--------+--------+--------+-----+--------+
         Total |   1872 |   1872 |      0 |    837 |      0 |  10 |  187.2 |
       Dungeon |   1872 |   1872 |      0 |    837 |      0 |  10 |  187.2 |
               +--------+--------+--------+--------+--------+-----+--------+

Top non-repeatable levels by time:
     D:8: 436 daAuts
     D:4: 262 daAuts
     D:1: 228 daAuts
     D:9: 214 daAuts
     D:3: 196 daAuts
     D:6: 181 daAuts
    D:10: 144 daAuts
     D:7: 107 daAuts
     D:2: 95 daAuts
     D:5: 5 daAuts
